 Dungeon Sprint DCSS version 0.18-a0-1323-g706dcef (webtiles) character file.

1227 Kidiri the Covert (level 8, -11/36 HPs)
             Began as a Spriggan Enchanter on Feb 15, 2016.
             Was a High Priest of Dithmenos.
             Killed from afar by Harold (40 damage)
             ... with a bolt of fire
             ... in the Dungeon (Sprint VII: "The Pits").
             The game lasted 00:08:59 (843 turns).

Kidiri the Covert (Spriggan Enchanter)               Turns: 843, Time: 00:08:59

Health: -11/36     AC:  4    Str:  7    XL:     8   Next: 23%
Magic:  17/22      EV: 29    Int: 18    God:    Dithmenos [*****.]
Gold:   0          SH:  0    Dex: 20    Spells: 5 memorised, 13 levels left

rFire  . . .     SeeInvis +     u - +2 rapier (elec)
rCold  . . .     Gourm    .     b - +1 robe
rNeg   . . .     Faith    .     (shield restricted)
rPois  .         Spirit   .     (helmet restricted)
rElec  .         Dismiss  .     t - +0 cloak
rCorr  .         Reflect  .     (gloves unavailable)
SustAt .         Harm     .     (boots unavailable)
MR     +....     NoTele   +     (no amulet)
Stlth  +++++++++.               k - +3 ring of strength
                                g - +3 ring of dexterity

@: wreathed by umbra, very quick, somewhat resistant to hostile enchantments,
incredibly stealthy
A: unfitting armour, see invisible, herbivore 3, speed 3, slow metabolism 2
a: Shadow Step, Shadow Form, Renounce Religion


You were in the Dungeon.
You worshipped Dithmenos.
Dithmenos was extremely pleased with you.
You were not hungry.

You visited 1 branch

Inventory:

Hand Weapons
 u - a +2 rapier of electrocution (weapon)
Armour
 b - a +1 robe (worn)
 t - a +0 cloak (worn)
Jewellery
 g - a +3 ring of dexterity (left hand)
 k - a +3 ring of strength (right hand)
Scrolls
 j - a scroll of blinking
 m - 3 scrolls of remove curse
 n - 5 scrolls of amnesia
 o - a scroll of summoning
Potions
 e - 7 potions of curing
 f - 8 potions of heal wounds
 h - a potion of magic
 i - 3 potions of berserk rage
 l - 2 potions of invisibility
 q - a potion of haste
 r - a potion of cure mutation
 s - 2 potions of brilliance
Comestibles
 a - 40 fruits
 d - 8 bread rations


   Skills:
 * Level 8.4 Short Blades
 * Level 11.1 Dodging
 * Level 12.3 Stealth
 * Level 9.4 Spellcasting
 + Level 3.5 Conjurations
 + Level 7.3 Hexes
 + Level 4.1 Ice Magic
 - Level 4.6 Invocations


You had 13 spell levels left.
You knew the following spells:

 Your Spells              Type           Power        Failure   Level  Hunger
a - Corona                Hex            #####..      1%          1    None
b - Ensorcelled Hibernat  Hex/Ice        ####..       1%          2    None
c - Confuse               Hex            #####...     1%          3    None
d - Tukima's Dance        Hex            #####...     1%          3    None
e - Dazzling Spray        Conj/Hex       ####....     2%          3    None


Dungeon Overview and Level Annotations

Branches:
Dungeon (1/1)

Altars:
Ashenzari
Cheibriados
Dithmenos
Elyvilon
Fedhas
Gozag
Kikubaaqudgha
Makhleb
Nemelex Xobeh
Okawaru
Pakellas
Qazlal
Ru
Sif Muna
Trog
Vehumet
Xom
Yredelemnul
Zin
The Shining One
Beogh
Jiyva
Lugonu

Annotations:
D Harold


Innate Abilities, Weirdness & Mutations

You are tiny and cannot use many weapons and most armour.
You have supernaturally acute eyesight.
You are an herbivore.
You cover ground extremely quickly.
You need consume almost no food.


Message History

The guardian mummy completely misses you.
Unknown command.
You hit the guardian mummy but do no damage.
The guardian mummy is moderately damaged.
The orc priest hits you but does no damage.
Harold casts a spell at you. The bolt of fire misses you.
Unknown command.
Casting: Dazzling Spray
Confirm with . or Enter, or press ? or * to list all spells.
Aiming: Dazzling Spray
Press: ? - help, Shift-Dir - straight line The spray of energy misses the orc priest.
The spray of energy hits the guardian mummy.
The guardian mummy is moderately damaged.
The orc priest closely misses you. The guardian mummy barely misses you.
Harold casts a spell at you. The bolt of fire hits you!
Ouch! That really hurt!
You die...

+#####................+
.....+................+
+#####......#..#......#
.#..##................#
.+..#####+#####''######
##+###.......##§§#
%...##.......##§§##
%...##.......##§§o##
+#####...<...###@§§#
))[.##.......#
##M@§.....
))[.##.......#
§§###+###
######.......# ..##
##(.###########.@
.#%############.o
##)#....#...[###.
.#+#....#..[[# ##
##.÷%...+..))#


You could see Harold, a guardian mummy and an orc priest.

Vanquished Creatures
  Pikel (D)
  An orange demon (D)
  A redback (D)
  A black bear (D)
  4 slaves (D)
  A big kobold (D)
  A gnoll sergeant (D)
  A jelly (D)
  2 orc wizards (D)
  A hell rat (D)
  A gnoll (D)
  2 white imps (D)
  An ufetubus (D)
  A giant gecko (D)
  An orc (D)
  A bat zombie (D)
  A goblin (D)
  2 hobgoblins (D)
  6 jackals (D)
  A kobold (D)
  A quokka (D)
  2 giant newts (D)
34 creatures vanquished.

Vanquished Creatures (others)
  A crimson imp (D)
  A white imp (D)
2 creatures vanquished.

Grand Total: 36 creatures vanquished

Notes
Turn   | Place    | Note
--------------------------------------------------------------
     0 | D        | Kidiri the Spriggan Enchanter began the quest for the Orb.
     0 | D        | Reached XP level 1. HP: 9/9 MP: 5/5
    48 | D        | Found a sacrificial altar of Ru.
    48 | D        | Found a basalt altar of Yredelemnul.
    48 | D        | Found a shadowy altar of Dithmenos.
    48 | D        | Found a deep blue altar of Sif Muna.
    48 | D        | Found a burning altar of Makhleb.
    48 | D        | Found a shimmering altar of Xom.
    48 | D        | Found an ancient bone altar of Kikubaaqudgha.
    48 | D        | Found a sparkling altar of Nemelex Xobeh.
    49 | D        | Found a glowing golden altar of the Shining One.
    49 | D        | Found a bloodstained altar of Trog.
    49 | D        | Found a shattered altar of Ashenzari.
    49 | D        | Found a white marble altar of Elyvilon.
    49 | D        | Found a snail-covered altar of Cheibriados.
    49 | D        | Found a blossoming altar of Fedhas.
    49 | D        | Found a radiant altar of Vehumet.
    49 | D        | Found a glowing silver altar of Zin.
    49 | D        | Found a corrupted altar of Lugonu.
    49 | D        | Found a viscous altar of Jiyva.
    49 | D        | Found a roughly hewn altar of Beogh.
    49 | D        | Found an iron altar of Okawaru.
    50 | D        | Found an oddly glowing altar of Pakellas.
    55 | D        | Found a stormy altar of Qazlal.
    55 | D        | Found an opulent altar of Gozag.
    62 | D        | Became a worshipper of Dithmenos the Shadowed
    97 | D        | Reached skill level 5 in Stealth
   104 | D        | Reached * piety under Dithmenos
   116 | D        | Reached XP level 2. HP: 11/13 MP: 2/7
   166 | D        | Learned a level 2 spell: Ensorcelled Hibernation
   172 | D        | Reached ** piety under Dithmenos
   180 | D        | Reached skill level 1 in Invocations
   189 | D        | Reached *** piety under Dithmenos
   189 | D        | Reached skill level 5 in Dodging
   189 | D        | Reached skill level 6 in Stealth
   189 | D        | Reached skill level 1 in Ice Magic
   189 | D        | Reached XP level 3. HP: 16/16 MP: 1/10
   289 | D        | Learned a level 3 spell: Confuse
   293 | D        | Learned a level 3 spell: Dazzling Spray
   293 | D        | Noticed a slave
   293 | D        | Noticed a slave
   293 | D        | Noticed a slave
   311 | D        | Killed a slave
   322 | D        | Killed a slave
   324 | D        | Noticed a slave
   342 | D        | Noticed Pikel
   344 | D        | Killed a slave
   372 | D        | Reached skill level 7 in Stealth
   372 | D        | Reached XP level 4. HP: 14/21 MP: 5/11
   375 | D        | Killed Pikel
   375 | D        | Reached **** piety under Dithmenos
   375 | D        | Reached skill level 9 in Dodging
   375 | D        | Reached skill level 10 in Stealth
   375 | D        | Reached XP level 5. HP: 16/24 MP: 3/16
   375 | D        | Reached XP level 6. HP: 18/28 MP: 3/17
   495 | D        | Learned a level 3 spell: Tukima's Dance
   522 | D        | Noticed an orange demon
   524 | D        | Killed an orange demon
   524 | D        | Reached skill level 10 in Dodging
   524 | D        | Reached skill level 11 in Stealth
   524 | D        | Reached XP level 7. HP: 32/32 MP: 18/20
   532 | D        | Reached ***** piety under Dithmenos
   565 | D        | Noticed a redback
   575 | D        | Killed a redback
   575 | D        | Reached skill level 12 in Stealth
   575 | D        | Reached XP level 8. HP: 36/36 MP: 6/22
   824 | D        | Noticed a guardian mummy
   824 | D        | Noticed Harold
   843 | D        | Killed from afar by Harold

Vault maps used:
D:        pitsprint

Action                   |  1- 3 |  4- 6 |  7- 9 || total
-------------------------+-------+-------+-------++-------
Melee: Dagger            |    72 |     4 |     9 ||    85
       Rapier            |       |       |     9 ||     9
 Cast: Corona            |     8 |       |       ||     8
       Ensorcelled Hiber |    12 |     1 |    11 ||    24
       Dazzling Spray    |     1 |     1 |     4 ||     6
       Confuse           |       |       |     5 ||     5
Invok: Shadow Step       |       |       |     1 ||     1
  Use: Potion            |     6 |       |     2 ||     8
 Stab: Sleeping          |     9 |     3 |     8 ||    20
       Confused          |       |       |     1 ||     1
       Held in net/web   |       |       |     1 ||     1
